 Dungeon Crawl Stone Soup version 0.23-b1-3-gdda8187c6f (webtiles) character file.

Game seed: 4109483635957821774

564 Morbidden the Chopper (level 7, -3/55 HPs)
             Began as a Formicid Fighter on Jan 31, 2019.
             Killed from afar by Dowan (16 damage)
             ... with a stone arrow
             ... on level 5 of the Dungeon.
             The game lasted 00:06:26 (3205 turns).

Morbidden the Chopper (Formicid Fighter)            Turns: 3205, Time: 00:06:27

Health: -3/55      AC:  8    Str: 27    XL:     7   Next: 58%
Magic:  7/7        EV:  7    Int:  8    God:
Gold:   235        SH: 16    Dex: 10    Spells: 6/6 levels left

rFire    . . .     SeeInvis +   a - +0 war axe
rCold    . . .     Gourm    .   m - +0 large shield
rNeg     . . .     Faith    .   c - +0 scale mail
rPois    .         Spirit   .   (helmet unavailable)
rElec    .         Reflect  .   g - +0 cloak
rCorr    .         Harm     .   (no gloves)
MR       .....                  (no boots)
Stlth    ..........             (no amulet)
HPRegen  0.18/turn              (no ring)
MPRegen  0.10/turn              (no ring)

@: mighty
A: permanent stasis, dig shafts and tunnels, four strong arms, antennae 3
a: Dig, Shaft Self


You were on level 5 of the Dungeon.
You were not hungry.

You visited 1 branch of the dungeon, and saw 5 of its levels.

You collected 235 gold pieces.

Inventory:

Hand Weapons
 a - a +0 war axe (weapon)
Missiles
 d - 7 javelins (quivered)
Armour
 c - a +0 scale mail (worn)
 g - a +0 cloak (worn)
 m - a +0 large shield (worn)
Wands
 r - a wand of paralysis (11)
Scrolls
 b - 2 scrolls of magic mapping {unknown}
 h - 4 scrolls of remove curse
 k - 3 scrolls of immolation
 l - 7 scrolls of identify
 n - a scroll of fear {unknown}
 o - a scroll of amnesia {unknown}
 s - 2 scrolls of teleportation {unknown}
Potions
 j - 2 potions of brilliance
 p - a potion of haste
 q - 2 potions of lignification
Comestibles
 f - 6 rations


   Skills:
 + Level 4.3 Fighting
 * Level 6.0 Axes
 + Level 0.2 Throwing
 + Level 4.2 Armour
 + Level 1.1 Dodging
 + Level 5.0 Shields


You had 6 spell levels left.
You didn't know any spells.
Your spell library was empty.

Dungeon Overview and Level Annotations

Branches:
Dungeon (5/15)
 Temple: D:4-7

Altars:
Ashenzari
Elyvilon
Makhleb
Xom
Zin

Annotations:
D:3 1 runed translucent door, Crazy Yiuf
D:5 Dowan


Innate Abilities, Weirdness & Mutations

You cannot be hasted, slowed, berserked, paralysed or teleported.
You can dig through walls and to a lower floor.
Your four strong arms can wield two-handed weapons with a shield.
You have a pair of large antennae on your head. (SInv)


Message History

You block Dowan's attack. x2
You barely miss Dowan.
Dowan is heavily wounded.
You block Dowan's attack. Dowan hits you but does no damage.
You closely miss Dowan.
Dowan is heavily wounded.
Dowan gestures at you while chanting. You block the stone arrow.
You block Dowan's attack.
You barely miss Dowan.
Dowan is heavily wounded.
You block Dowan's attack. Dowan casts a spell at you.
The shard of ice hits you!!
* * * LOW HITPOINT WARNING * * *
You closely miss Dowan.
Dowan is heavily wounded.
You block Dowan's attack. Dowan casts a spell at you. The stone arrow hits you!
You die...

.# ... # ###.##.#....
#.#....$......
#.#.#.##...... #####
.............
#...########...........
#...'..................
#...########..........#
###.# #......#/@e......
####.###.####.#....#.#..
.............>.......#
.###.##....##.#.....<#
#...##....##.#%.#...#
#...##....##.#..#...#
#.).##.......#........
{###.##......<#.###...#
#.##......##


You could see Dowan.

Vanquished Creatures
  Duvessa (D:5)
  2 ogres
  A hound (D:4)
  An orc priest (D:3)
  A bullfrog skeleton (D:4)
  An orc wizard (D:4)
  Jessica (D:3)
  Terence (D:2)
  4 adders
  An ooze (D:1)
  2 worms
  A dart slug (D:2)
  3 leopard geckos
  6 orcs
  A ball python (D:1)
  7 bats
  A giant cockroach (D:2)
  7 goblins
  9 hobgoblins
  4 jackals (D:2)
  3 quokkas
  4 frilled lizards
  7 kobolds
  2 quokka skeletons
  7 rats
78 creatures vanquished.

Vanquished Creatures (others)
  A worker ant (D:4)
  An adder (D:4)
  A leopard gecko (D:4)
  A frilled lizard (D:4)
4 creatures vanquished.

Grand Total: 82 creatures vanquished

Notes
Turn   | Place    | Note
-------+----------+-------------------------------------------
     0 | D:1      | Morbidden the Formicid Fighter began the quest for the Orb.
     0 | D:1      | Reached XP level 1. HP: 18/18 MP: 1/1
   102 | D:1      | Reached XP level 2. HP: 24/24 MP: 2/2
   343 | D:1      | Reached XP level 3. HP: 26/29 MP: 3/3
   695 | D:2      | Noticed an ogre
   711 | D:2      | Killed an ogre
   711 | D:2      | Reached skill level 3 in Axes
   711 | D:2      | Reached XP level 4. HP: 14/37 MP: 4/4
   711 | D:2      | Reached XP level 5. HP: 16/42 MP: 5/5
   912 | D:2      | Reached skill level 4 in Axes
  1022 | D:2      | Noticed Terence
  1033 | D:2      | Killed Terence
  1078 | D:2      | Found a burning altar of Makhleb.
  1243 | D:2      | Found a white marble altar of Elyvilon.
  1769 | D:3      | Found a runed translucent door.
  1770 | D:3      | Noticed Crazy Yiuf
  1789 | D:3      | Reached XP level 6. HP: 28/48 MP: 6/6
  2318 | D:3      | Found a glowing silver altar of Zin.
  2318 | D:3      | Noticed Jessica
  2322 | D:3      | Killed Jessica
  2454 | D:4      | Reached skill level 5 in Axes
  2695 | D:4      | Reached skill level 1 in Dodging
  2695 | D:4      | Reached XP level 7. HP: 51/54 MP: 7/7
  2810 | D:4      | Found a shimmering altar of Xom.
  3008 | D:4      | Found a shattered altar of Ashenzari.
  3156 | D:5      | Entered Level 5 of the Dungeon
  3186 | D:5      | Noticed Duvessa
  3186 | D:5      | Noticed Dowan
  3198 | D:5      | Killed Duvessa
  3198 | D:5      | Reached skill level 6 in Axes
  3198 | D:5      | Reached skill level 5 in Shields
  3205 | D:5      | Killed from afar by Dowan

Skill      XL: |  1  2  3  4  5  6  7 |
---------------+----------------------+-----
Shields        | 4 5 |  5.0
Axes           | 3 4 5 6 |  6.0
Fighting       | 4 |  4.3
Armour         | 4 |  4.2
Dodging        | 1 |  1.1
Throwing       | |  0.2

Action                   |  1- 3 |  4- 6 |  7- 9 || total
-------------------------+-------+-------+-------++-------
Melee: War axe           |    63 |   166 |    29 ||   258
Throw: Javelin           |       |     4 |     3 ||     7
  Use: Potion            |     1 |     3 |     2 ||     6
       Scroll            |       |     4 |     1 ||     5
  Eat: Chunk             |       |     6 |       ||     6
       Ration            |       |       |     1 ||     1
Armor: Scale mail        |    20 |    67 |     7 ||    94
       Skin              |       |     1 |       ||     1
Dodge: Dodged            |    26 |    24 |     4 ||    54
Block: Shield            |    25 |       |       ||    25
       Large shield      |     5 |   147 |    35 ||   187
